 Dungeon Crawl Stone Soup version 0.30.1 (webtiles) character file.

Game seed: 15833126080157883920

345 AIAndy the Shooter (level 6, -4/46 HPs)
             Began as a Barachi Hunter on July 4, 2023.
             Slain by an ogre
             ... wielding a +0 giant spiked club
              (7 damage)
             ... on level 4 of the Dungeon.
             The game lasted 00:08:16 (2489 turns).

AIAndy the Shooter (Barachi Hunter)                 Turns: 2489, Time: 00:08:17

Health: -4/46      AC:  6    Str: 12    XL:     6   Next: 58%
Magic:  6/6        EV: 11    Int: 10    God:
Gold:   158        SH:  0    Dex: 17    Spells: 5/5 levels left

rFire   . . .        a - +0 shortbow
rCold   . . .        (shield currently unavailable)
rNeg    . . .        t - +0 ring mail
rPois   .            u - +0 helmet
rElec   .            (no cloak)
rCorr   .            (no gloves)
SInv    .            (no boots)
Will    .....        o - amulet of regeneration
Stlth   +            i - ring of wizardry
HPRegen 1.07/turn    (no ring)
MPRegen 0.10/turn

%: wizardry (x1)
@: unable to hop, slow
A: amphibious, slowness 1, strong legs 1, +LOS
a: Hop


You were on level 4 of the Dungeon.
You visited 1 branch of the dungeon, and saw 4 of its levels.

You collected 158 gold pieces.

Inventory:

Hand Weapons
 a - a +0 shortbow (weapon)
 r - a +0 vampiric dagger
Armour
 c - a +0 leather armour
 p - an orb of light
 t - a +0 ring mail (worn)
 u - a +0 helmet (worn)
 v - a +0 scale mail
Jewellery
 i - a ring of wizardry (left hand)
 o - an amulet of regeneration (around neck)
Scrolls
 b - a scroll of immolation
 f - 2 scrolls of magic mapping
 g - 3 scrolls of identify {unknown}
 l - 4 scrolls of amnesia {unknown}
 m - a scroll of teleportation {unknown}
Potions
 d - a potion of magic {unknown}
 e - a potion of might {unknown}
 h - a potion of cancellation {unknown}
 j - a potion of lignification {unknown}
 k - 2 potions of degeneration {unknown}
 n - 2 potions of curing {unknown}
 q - a potion of attraction {unknown}
 s - 2 potions of brilliance {unknown}


   Skills:
 - Level 2.4 Fighting
 + Level 7.7 Ranged Weapons
 - Level 2.1 Dodging
 - Level 0.8 Stealth


You had 5 spell levels left.
You didn't know any spells.
Your spell library contained the following spells:

 Spells                   Type           Power      Damage    Failure   Level
 Sting                    Tmut/Pois      0%         1d3       32%         1
 Poisonous Vapours        Pois/Air       0%         N/A       45%         2
 Inner Flame              Hex/Fire       0%         N/A       67%         3
 Olgreb's Toxic Radiance  Pois           0%         N/A       96%         4
 Yara's Violent Unravell  Hex/Tmut       0%         3d3       100%        5
 Enfeeble                 Hex            0%         N/A       100%        7


Dungeon Overview and Level Annotations

Branches:
Dungeon (4/15)
 Temple: D:4-7

Altars:
Ashenzari


Innate Abilities, Weirdness & Mutations

You are amphibious.
You cover ground slowly.
You can hop short distances.
You have an extended range of vision and can be seen from far away.


Message History

The ogre is heavily wounded.
Fire: a) +0 shortbow
Press: ? - help, Q - select action, (/) - cycle Shift-Dir - straight line, f/p - ogre
Aim: an ogre, wielding a +0 giant club (sparse dust, heavily wounded, 77% to hit)
You shoot an arrow. The arrow hits the ogre!
The ogre is severely wounded.
Fire: a) +0 shortbow
Press: ? - help, Q - select action, (/) - cycle Shift-Dir - straight line, f/p - ogre
Aim: an ogre, wielding a +0 giant club (severely wounded, 77% to hit)
You shoot an arrow. The arrow completely misses the ogre.
Fire: a) +0 shortbow
Press: ? - help, Q - select action, (/) - cycle Shift-Dir - straight line, f/p - ogre
Aim: an ogre, wielding a +0 giant club (severely wounded, 77% to hit)
You shoot an arrow. The arrow closely misses the ogre.
The arrow hits the ogre but does no damage.
Fire: a) +0 shortbow
Press: ? - help, Q - select action, (/) - cycle Shift-Dir - straight line, f/p - ogre
Aim: an ogre, wielding a +0 giant club (severely wounded, 77% to hit)
You shoot an arrow. The arrow hits the ogre!
The ogre is almost dead.
The ogre closely misses you.
Fire: a) +0 shortbow
Press: ? - help, Q - select action, (/) - cycle Shift-Dir - straight line, f/p - ogre
Aim: an ogre, wielding a +0 giant club (almost dead, 77% to hit)
You shoot an arrow. The arrow hits the ogre!
You kill the ogre!
You aren't carrying any items that you can evoke.
Fire: a) +0 shortbow
Press: ? - help, Q - select action, (/) - cycle Shift-Dir - straight line, f - ogre
Aim: an ogre, wielding a +0 giant spiked club (77% to hit)
You shoot an arrow. The arrow hits the ogre.
The ogre is lightly wounded.
The ogre hits you with a +0 giant spiked club!
* * * LOW HITPOINT WARNING * * *
Okay, then.
As you read the scroll labelled HOSKEO KIEH, it crumbles to dust.
You feel aware of your surroundings.
You sensed 3 altars.
It was a scroll of magic mapping.
The ogre hits you with a +0 giant spiked club!
You die...

,,,,*,,,+#(#.#.* ########
*****,,,#......#####......#
**,,,******#...........#
*,,,,,,,,,,#...........#
*,,,,,,,,,,#...........#
*,,,,,,,,,,#...........#
*,,,,,,,,,,#...........#
###############.O.........#
................@..########
...................#
...................#
...................#
...................#
...)...............#
###.....############
#.....# #.....#


You could see an ogre.

Vanquished Creatures
  A black bear (D:3)
  An ogre (D:4)
  An iguana (D:4)
  Robin (D:3)
  5 gnolls
  An adder (D:2)
  A worm (D:2)
  A dart slug (D:2)
  2 orcs
  9 bats
  5 endoplasms
  A giant cockroach (D:2)
  10 goblins
  5 hobgoblins
  3 quokkas
  A ball python (D:3)
  8 frilled lizards
  9 kobolds
  4 rats
69 creatures vanquished.

Notes
Turn   | Place    | Note
-------+----------+-------------------------------------------
     0 | D:1      | AIAndy the Barachi Hunter began the quest for the Orb.
     0 | D:1      | Reached XP level 1. HP: 17/17 MP: 1/1
   192 | D:1      | Reached XP level 2. HP: 23/23 MP: 2/2
   236 | D:1      | Found a faded altar of an unknown god.
   301 | D:1      | Reached XP level 3. HP: 28/28 MP: 3/3
   339 | D:1      | Reached skill level 5 in Ranged Weapons
   673 | D:2      | Found a broken altar of Ashenzari.
   944 | D:2      | Reached XP level 4. HP: 34/34 MP: 4/4
  1386 | D:3      | Noticed a black bear
  1394 | D:3      | Killed a black bear
  1395 | D:3      | Reached skill level 6 in Ranged Weapons
  1395 | D:3      | Reached XP level 5. HP: 35/39 MP: 5/5
  1468 | D:3      | Noticed Robin
  1476 | D:3      | Killed Robin
  1477 | D:3      | Reached skill level 7 in Ranged Weapons
  1743 | D:3      | Reached XP level 6. HP: 46/46 MP: 6/6
  2477 | D:4      | Found the +6 shillelagh "Devastator" {shatter}
  2488 | D:4      | HP: 2/46 [ogre/+0 giant spiked club (16)]
  2489 | D:4      | Slain by an ogre

Illustrated notes

Levels and vault maps discovered:
D:1:      lordsloth_arrival_two_stooges, layout_loops_ring,
          chequers_ecumenical_altar_island
D:2:      layout_loops_cross, basic_altar, st_stairs_12, minmay_tromino_v4_a
D:3:      layout_loops_ring, serial_co_window_serial, co_window_paths_b,
          co_window_paths_a, co_window_paths_b, co_window_corner_a,
          co_window_paths_a, co_window_corner_a, co_window_corner_a,
          co_window_unsneaky_path_a, co_window_broadway_a,
          co_window_of_opportunity_c, co_window_2corner, co_window_paths_c,
          co_window_paths_d, co_window_4corner_b, glass_columns_a,
          glass_columns_a, glass_columns_b, glass_columns_a, uniq_robin
D:4:      layout_gridville, grunt_temple_overflow_opulence,
          overflow_temple_1_default, dilly_guarded_unrand_devastator, uniq_pikel

Skill      XL: |  1  2  3  4  5 |
---------------+----------------+-----
Ranged Weapons | 5 6 7 |  7.7
Fighting       | |  2.4
Dodging        | |  2.1
Stealth        | |  0.8

Action                     |  1- 3 |  4- 6 || total
---------------------------+-------+-------++-------
   Fire: Shortbow          |    95 |   117 ||   212
Ability: Hop               |       |     2 ||     2
    Use: Scroll            |       |     1 ||     1
 Armour: Leather armour    |    12 |     1 ||    13
         Ring mail         |       |    17 ||    17
  Dodge: Dodged            |    22 |    53 ||    75
